%YAML 1.1
%TAG !u! tag:unity3d.com,2011:
--- !u!1 &1007522971416653428
GameObject:
  m_ObjectHideFlags: 0
  m_CorrespondingSourceObject: {fileID: 0}
  m_PrefabInstance: {fileID: 0}
  m_PrefabAsset: {fileID: 0}
  serializedVersion: 6
  m_Component:
  - component: {fileID: 1502298907413146069}
  - component: {fileID: 8727968017843310220}
  - component: {fileID: 8174996849755258029}
  - component: {fileID: 416208771054651848}
  - component: {fileID: 8912834665748760777}
  m_Layer: 0
  m_Name: UI_BattleMenu
  m_TagString: Untagged
  m_Icon: {fileID: 0}
  m_NavMeshLayer: 0
  m_StaticEditorFlags: 0
  m_IsActive: 1
--- !u!224 &1502298907413146069
RectTransform:
  m_ObjectHideFlags: 0
  m_CorrespondingSourceObject: {fileID: 0}
  m_PrefabInstance: {fileID: 0}
  m_PrefabAsset: {fileID: 0}
  m_GameObject: {fileID: 1007522971416653428}
  m_LocalRotation: {x: 0, y: 0, z: 0, w: 1}
  m_LocalPosition: {x: 0, y: 0, z: 0}
  m_LocalScale: {x: 1, y: 1, z: 1}
  m_ConstrainProportionsScale: 0
  m_Children:
  - {fileID: 7015172210423701475}
  - {fileID: 3044650908822858354}
  m_Father: {fileID: 0}
  m_RootOrder: 0
  m_LocalEulerAnglesHint: {x: 0, y: 0, z: 0}
  m_AnchorMin: {x: 0, y: 0}
  m_AnchorMax: {x: 1, y: 1}
  m_AnchoredPosition: {x: 0, y: 0}
  m_SizeDelta: {x: 0, y: 0}
  m_Pivot: {x: 0.5, y: 0.5}
--- !u!114 &8727968017843310220
MonoBehaviour:
  m_ObjectHideFlags: 0
  m_CorrespondingSourceObject: {fileID: 0}
  m_PrefabInstance: {fileID: 0}
  m_PrefabAsset: {fileID: 0}
  m_GameObject: {fileID: 1007522971416653428}
  m_Enabled: 1
  m_EditorHideFlags: 0
  m_Script: {fileID: 11500000, guid: 5f45b2a58f4f4e2fa29b4f9df175ea2b, type: 3}
  m_Name: 
  m_EditorClassIdentifier: 
  _smoothActivator: {fileID: 8174996849755258029}
  modalView: {fileID: 2481075099802819899}
  _exitButton: {fileID: 7015172210423701485}
--- !u!114 &8174996849755258029
MonoBehaviour:
  m_ObjectHideFlags: 0
  m_CorrespondingSourceObject: {fileID: 0}
  m_PrefabInstance: {fileID: 0}
  m_PrefabAsset: {fileID: 0}
  m_GameObject: {fileID: 1007522971416653428}
  m_Enabled: 1
  m_EditorHideFlags: 0
  m_Script: {fileID: 11500000, guid: 5fbeaaf9700f4440826fca1e0133365c, type: 3}
  m_Name: 
  m_EditorClassIdentifier: 
  _canvasGroup: {fileID: 416208771054651848}
  _transitionDuration: 0.3
  _startFromCurrent: 1
--- !u!225 &416208771054651848
CanvasGroup:
  m_ObjectHideFlags: 0
  m_CorrespondingSourceObject: {fileID: 0}
  m_PrefabInstance: {fileID: 0}
  m_PrefabAsset: {fileID: 0}
  m_GameObject: {fileID: 1007522971416653428}
  m_Enabled: 1
  m_Alpha: 1
  m_Interactable: 1
  m_BlocksRaycasts: 1
  m_IgnoreParentGroups: 0
--- !u!114 &8912834665748760777
MonoBehaviour:
  m_ObjectHideFlags: 0
  m_CorrespondingSourceObject: {fileID: 0}
  m_PrefabInstance: {fileID: 0}
  m_PrefabAsset: {fileID: 0}
  m_GameObject: {fileID: 1007522971416653428}
  m_Enabled: 1
  m_EditorHideFlags: 0
  m_Script: {fileID: 11500000, guid: f26c41a25a0744e2bde26e42b4c35825, type: 3}
  m_Name: 
  m_EditorClassIdentifier: 
  _musicClip: {fileID: 0}
  _ambientClip: {fileID: 0}
--- !u!1001 &2749854503793862077
PrefabInstance:
  m_ObjectHideFlags: 0
  serializedVersion: 2
  m_Modification:
    m_TransformParent: {fileID: 1502298907413146069}
    m_Modifications:
    - target: {fileID: 5148625851949726302, guid: 1f187bc1ce137b6468a67c7a724eec19, type: 3}
      propertyPath: m_RootOrder
      value: 0
      objectReference: {fileID: 0}
    - target: {fileID: 5148625851949726302, guid: 1f187bc1ce137b6468a67c7a724eec19, type: 3}
      propertyPath: m_AnchorMax.x
      value: 0
      objectReference: {fileID: 0}
    - target: {fileID: 5148625851949726302, guid: 1f187bc1ce137b6468a67c7a724eec19, type: 3}
      propertyPath: m_AnchorMax.y
      value: 1
      objectReference: {fileID: 0}
    - target: {fileID: 5148625851949726302, guid: 1f187bc1ce137b6468a67c7a724eec19, type: 3}
      propertyPath: m_AnchorMin.x
      value: 0
      objectReference: {fileID: 0}
    - target: {fileID: 5148625851949726302, guid: 1f187bc1ce137b6468a67c7a724eec19, type: 3}
      propertyPath: m_AnchorMin.y
      value: 1
      objectReference: {fileID: 0}
    - target: {fileID: 5148625851949726302, guid: 1f187bc1ce137b6468a67c7a724eec19, type: 3}
      propertyPath: m_SizeDelta.x
      value: 150
      objectReference: {fileID: 0}
    - target: {fileID: 5148625851949726302, guid: 1f187bc1ce137b6468a67c7a724eec19, type: 3}
      propertyPath: m_SizeDelta.y
      value: 60
      objectReference: {fileID: 0}
    - target: {fileID: 5148625851949726302, guid: 1f187bc1ce137b6468a67c7a724eec19, type: 3}
      propertyPath: m_LocalPosition.x
      value: 0
      objectReference: {fileID: 0}
    - target: {fileID: 5148625851949726302, guid: 1f187bc1ce137b6468a67c7a724eec19, type: 3}
      propertyPath: m_LocalPosition.y
      value: 0
      objectReference: {fileID: 0}
    - target: {fileID: 5148625851949726302, guid: 1f187bc1ce137b6468a67c7a724eec19, type: 3}
      propertyPath: m_LocalPosition.z
      value: 0
      objectReference: {fileID: 0}
    - target: {fileID: 5148625851949726302, guid: 1f187bc1ce137b6468a67c7a724eec19, type: 3}
      propertyPath: m_LocalRotation.w
      value: 1
      objectReference: {fileID: 0}
    - target: {fileID: 5148625851949726302, guid: 1f187bc1ce137b6468a67c7a724eec19, type: 3}
      propertyPath: m_LocalRotation.x
      value: 0
      objectReference: {fileID: 0}
    - target: {fileID: 5148625851949726302, guid: 1f187bc1ce137b6468a67c7a724eec19, type: 3}
      propertyPath: m_LocalRotation.y
      value: 0
      objectReference: {fileID: 0}
    - target: {fileID: 5148625851949726302, guid: 1f187bc1ce137b6468a67c7a724eec19, type: 3}
      propertyPath: m_LocalRotation.z
      value: 0
      objectReference: {fileID: 0}
    - target: {fileID: 5148625851949726302, guid: 1f187bc1ce137b6468a67c7a724eec19, type: 3}
      propertyPath: m_AnchoredPosition.x
      value: 94.999756
      objectReference: {fileID: 0}
    - target: {fileID: 5148625851949726302, guid: 1f187bc1ce137b6468a67c7a724eec19, type: 3}
      propertyPath: m_AnchoredPosition.y
      value: -49.99994
      objectReference: {fileID: 0}
    - target: {fileID: 5148625851949726302, guid: 1f187bc1ce137b6468a67c7a724eec19, type: 3}
      propertyPath: m_LocalEulerAnglesHint.x
      value: 0
      objectReference: {fileID: 0}
    - target: {fileID: 5148625851949726302, guid: 1f187bc1ce137b6468a67c7a724eec19, type: 3}
      propertyPath: m_LocalEulerAnglesHint.y
      value: 0
      objectReference: {fileID: 0}
    - target: {fileID: 5148625851949726302, guid: 1f187bc1ce137b6468a67c7a724eec19, type: 3}
      propertyPath: m_LocalEulerAnglesHint.z
      value: 0
      objectReference: {fileID: 0}
    - target: {fileID: 5148625851949726303, guid: 1f187bc1ce137b6468a67c7a724eec19, type: 3}
      propertyPath: m_Name
      value: ExitButton
      objectReference: {fileID: 0}
    - target: {fileID: 5148625852833674868, guid: 1f187bc1ce137b6468a67c7a724eec19, type: 3}
      propertyPath: m_text
      value: MENU
      objectReference: {fileID: 0}
    m_RemovedComponents: []
  m_SourcePrefab: {fileID: 100100000, guid: 1f187bc1ce137b6468a67c7a724eec19, type: 3}
--- !u!224 &7015172210423701475 stripped
RectTransform:
  m_CorrespondingSourceObject: {fileID: 5148625851949726302, guid: 1f187bc1ce137b6468a67c7a724eec19, type: 3}
  m_PrefabInstance: {fileID: 2749854503793862077}
  m_PrefabAsset: {fileID: 0}
--- !u!114 &7015172210423701485 stripped
MonoBehaviour:
  m_CorrespondingSourceObject: {fileID: 5148625851949726288, guid: 1f187bc1ce137b6468a67c7a724eec19, type: 3}
  m_PrefabInstance: {fileID: 2749854503793862077}
  m_PrefabAsset: {fileID: 0}
  m_GameObject: {fileID: 0}
  m_Enabled: 1
  m_EditorHideFlags: 0
  m_Script: {fileID: 11500000, guid: 4e29b1a8efbd4b44bb3f3716e73f07ff, type: 3}
  m_Name: 
  m_EditorClassIdentifier: 
--- !u!1001 &5246876541986468699
PrefabInstance:
  m_ObjectHideFlags: 0
  serializedVersion: 2
  m_Modification:
    m_TransformParent: {fileID: 1502298907413146069}
    m_Modifications:
    - target: {fileID: 7102286240264362281, guid: 637abeeffc21bb747a382079189dacb9, type: 3}
      propertyPath: m_Pivot.x
      value: 0.5
      objectReference: {fileID: 0}
    - target: {fileID: 7102286240264362281, guid: 637abeeffc21bb747a382079189dacb9, type: 3}
      propertyPath: m_Pivot.y
      value: 0.5
      objectReference: {fileID: 0}
    - target: {fileID: 7102286240264362281, guid: 637abeeffc21bb747a382079189dacb9, type: 3}
      propertyPath: m_RootOrder
      value: 1
      objectReference: {fileID: 0}
    - target: {fileID: 7102286240264362281, guid: 637abeeffc21bb747a382079189dacb9, type: 3}
      propertyPath: m_AnchorMax.x
      value: 1
      objectReference: {fileID: 0}
    - target: {fileID: 7102286240264362281, guid: 637abeeffc21bb747a382079189dacb9, type: 3}
      propertyPath: m_AnchorMax.y
      value: 1
      objectReference: {fileID: 0}
    - target: {fileID: 7102286240264362281, guid: 637abeeffc21bb747a382079189dacb9, type: 3}
      propertyPath: m_AnchorMin.x
      value: 0
      objectReference: {fileID: 0}
    - target: {fileID: 7102286240264362281, guid: 637abeeffc21bb747a382079189dacb9, type: 3}
      propertyPath: m_AnchorMin.y
      value: 0
      objectReference: {fileID: 0}
    - target: {fileID: 7102286240264362281, guid: 637abeeffc21bb747a382079189dacb9, type: 3}
      propertyPath: m_SizeDelta.x
      value: 0
      objectReference: {fileID: 0}
    - target: {fileID: 7102286240264362281, guid: 637abeeffc21bb747a382079189dacb9, type: 3}
      propertyPath: m_SizeDelta.y
      value: 0
      objectReference: {fileID: 0}
    - target: {fileID: 7102286240264362281, guid: 637abeeffc21bb747a382079189dacb9, type: 3}
      propertyPath: m_LocalPosition.x
      value: 0
      objectReference: {fileID: 0}
    - target: {fileID: 7102286240264362281, guid: 637abeeffc21bb747a382079189dacb9, type: 3}
      propertyPath: m_LocalPosition.y
      value: 0
      objectReference: {fileID: 0}
    - target: {fileID: 7102286240264362281, guid: 637abeeffc21bb747a382079189dacb9, type: 3}
      propertyPath: m_LocalPosition.z
      value: 0
      objectReference: {fileID: 0}
    - target: {fileID: 7102286240264362281, guid: 637abeeffc21bb747a382079189dacb9, type: 3}
      propertyPath: m_LocalRotation.w
      value: 1
      objectReference: {fileID: 0}
    - target: {fileID: 7102286240264362281, guid: 637abeeffc21bb747a382079189dacb9, type: 3}
      propertyPath: m_LocalRotation.x
      value: 0
      objectReference: {fileID: 0}
    - target: {fileID: 7102286240264362281, guid: 637abeeffc21bb747a382079189dacb9, type: 3}
      propertyPath: m_LocalRotation.y
      value: 0
      objectReference: {fileID: 0}
    - target: {fileID: 7102286240264362281, guid: 637abeeffc21bb747a382079189dacb9, type: 3}
      propertyPath: m_LocalRotation.z
      value: 0
      objectReference: {fileID: 0}
    - target: {fileID: 7102286240264362281, guid: 637abeeffc21bb747a382079189dacb9, type: 3}
      propertyPath: m_AnchoredPosition.x
      value: 0
      objectReference: {fileID: 0}
    - target: {fileID: 7102286240264362281, guid: 637abeeffc21bb747a382079189dacb9, type: 3}
      propertyPath: m_AnchoredPosition.y
      value: 0
      objectReference: {fileID: 0}
    - target: {fileID: 7102286240264362281, guid: 637abeeffc21bb747a382079189dacb9, type: 3}
      propertyPath: m_LocalEulerAnglesHint.x
      value: 0
      objectReference: {fileID: 0}
    - target: {fileID: 7102286240264362281, guid: 637abeeffc21bb747a382079189dacb9, type: 3}
      propertyPath: m_LocalEulerAnglesHint.y
      value: 0
      objectReference: {fileID: 0}
    - target: {fileID: 7102286240264362281, guid: 637abeeffc21bb747a382079189dacb9, type: 3}
      propertyPath: m_LocalEulerAnglesHint.z
      value: 0
      objectReference: {fileID: 0}
    - target: {fileID: 8011512840594073934, guid: 637abeeffc21bb747a382079189dacb9, type: 3}
      propertyPath: m_Name
      value: UIModalView
      objectReference: {fileID: 0}
    - target: {fileID: 8011512840594073934, guid: 637abeeffc21bb747a382079189dacb9, type: 3}
      propertyPath: m_IsActive
      value: 0
      objectReference: {fileID: 0}
    m_RemovedComponents: []
  m_SourcePrefab: {fileID: 100100000, guid: 637abeeffc21bb747a382079189dacb9, type: 3}
--- !u!114 &2481075099802819899 stripped
MonoBehaviour:
  m_CorrespondingSourceObject: {fileID: 7691632226336681568, guid: 637abeeffc21bb747a382079189dacb9, type: 3}
  m_PrefabInstance: {fileID: 5246876541986468699}
  m_PrefabAsset: {fileID: 0}
  m_GameObject: {fileID: 0}
  m_Enabled: 1
  m_EditorHideFlags: 0
  m_Script: {fileID: 11500000, guid: d5f231fb84cc3674fb4297a0d512c5da, type: 3}
  m_Name: 
  m_EditorClassIdentifier: 
--- !u!224 &3044650908822858354 stripped
RectTransform:
  m_CorrespondingSourceObject: {fileID: 7102286240264362281, guid: 637abeeffc21bb747a382079189dacb9, type: 3}
  m_PrefabInstance: {fileID: 5246876541986468699}
  m_PrefabAsset: {fileID: 0}
